SAAA
PLYMOUTH ROCKS @ ATHLETIC CLUB KC RESERVES
06/02/2034
 
TOP OF THE 1ST
Plymouth Rocks batting - Pitching for Athletic Club KC Reserves : LHP Dave Parkinson
Pitching: LHP Dave Parkinson
Batting: RHB Chang-lit Min 0-0: Ball
1-0: Ball
2-0: Ball
3-0: Called Strike
3-1: Base on Balls
Batting: RHB Tumas Wenzu 0-0: Called Strike
0-1: Ball
1-1: Ball
2-1: Swinging Strike
2-2: Ball
3-2: Base on Balls
Chang-lit Min to second
Batting: RHB Ernesto Trevino 0-0: Swinging Strike
0-1: SINGLE (Groundball, 34D)
Chang-lit Min to third
Tumas Wenzu to second
Batting: RHB Xi-ku See-to 0-0: Ball
1-0: Called Strike
1-1: Foul Ball, location: 2F
1-2: Ball
2-2: Ground out 5-3 (Groundball, 56S)
Chang-lit Min scores
Tumas Wenzu to third
Ernesto Trevino to second
Batting: RHB Raúl Ortíz 0-0: Foul Ball, location: 2F
0-1: Ball
1-1: Ball
2-1: Ball
3-1: Swinging Strike
3-2: Strikes out swinging
Batting: RHB Cosmo Bjorkenheim 0-0: Ball
1-0: Fly out, F7 (Flyball, 7)
Top of the 1st over - 1 run, 1 hit, 0 errors, 2 left on base; Plymouth 1 - Athletic Club KC 0
BOTTOM OF THE 1ST
Athletic Club KC Reserves batting - Pitching for Plymouth Rocks : RHP Cisco Andr
Pitching: RHP Cisco Andr
Batting: RHB Armando Altagracia 0-0: Called Strike
0-1: Ball
1-1: Fly out, F7 (Flyball, 7S)
Batting: LHB Kwang-chih Feng 0-0: Swinging Strike
0-1: Foul Ball, location: 2F
0-2: Fly out, F9 (Flyball, 89M)
Batting: LHB Pablo Hernández 0-0: Ball
1-0: Ball
2-0: Ball
3-0: Foul Ball, location: 2F
3-1: Fly out, F5 (Popup, 5SF)
Bottom of the 1st over - 0 runs, 0 hits, 0 errors, 0 left on base; Plymouth 1 - Athletic Club KC 0
TOP OF THE 2ND
Plymouth Rocks batting - Pitching for Athletic Club KC Reserves : LHP Dave Parkinson
Batting: LHB Octávio Ontiveros 0-0: Foul Ball, location: 2F
0-1: Ball
1-1: Foul Ball, location: 2F
1-2: Fly out, F5 (Popup, 5S)
Batting: LHB Jeff Lawson 0-0: Foul Ball, location: 2F
0-1: Ball
1-1: Called Strike
1-2: Strikes out swinging
Batting: LHB Dae-ik Park 0-0: Ball
1-0: Ball
2-0: SINGLE (Groundball, 4MD)
Batting: RHB Chang-lit Min 0-0: Ground out 1-3 (Groundball, 15S)
Top of the 2nd over - 0 runs, 1 hit, 0 errors, 1 left on base; Plymouth 1 - Athletic Club KC 0
BOTTOM OF THE 2ND
Athletic Club KC Reserves batting - Pitching for Plymouth Rocks : RHP Cisco Andr
Batting: LHB Luis Miguel González 0-0: Ball
1-0: Ball
2-0: Foul Ball, location: 2F
2-1: Foul Ball, location: 2F
2-2: Foul Ball, location: 2F
2-2: Ball
3-2: Fly out, F9 (Flyball, 9)
Batting: SHB Carlos Rodríguez 0-0: Foul Ball, location: 2F
0-1: Swinging Strike
0-2: Foul Ball, location: 2F
0-2: Ball
1-2: Ball
2-2: Foul Ball, location: 2F
2-2: Ball
3-2: Fly out, F9 (Flyball, 89S)
Batting: RHB Tasuku Goto 0-0: Called Strike
0-1: Ground out U3 (Groundball, 34)
Bottom of the 2nd over - 0 runs, 0 hits, 0 errors, 0 left on base; Plymouth 1 - Athletic Club KC 0
TOP OF THE 3RD
Plymouth Rocks batting - Pitching for Athletic Club KC Reserves : LHP Dave Parkinson
Batting: RHB Tumas Wenzu 0-0: Called Strike
0-1: Ball
1-1: Called Strike
1-2: Strikes out swinging
Batting: RHB Ernesto Trevino 0-0: Ball
1-0: Fly out, F3 (Popup, 3S)
Batting: RHB Xi-ku See-to 0-0: Fly out, F4 (Popup, 13)
Top of the 3rd over - 0 runs, 0 hits, 0 errors, 0 left on base; Plymouth 1 - Athletic Club KC 0
BOTTOM OF THE 3RD
Athletic Club KC Reserves batting - Pitching for Plymouth Rocks : RHP Cisco Andr
Batting: LHB Manuel Domínguez 0-0: Ball
1-0: Foul Ball, location: 2F
1-1: Ball
2-1: Called Strike
2-2: Ground out 5-3 (Groundball, 56S)
Batting: RHB Troy Whitehurst 0-0: Ball
1-0: Ball
2-0: Foul Ball, location: 2F
2-1: Foul Ball, location: 2F
2-2: Foul Ball, location: 2F
2-2: Strikes out swinging
Batting: RHB Pedro Solís 0-0: Ball
1-0: SINGLE (Flyball, 78S)
Batting: RHB Armando Altagracia 0-0: Ball
1-0: Called Strike
1-1: Foul Ball, location: 2F
1-2: Fly out, F8 (Flyball, 89D)
Bottom of the 3rd over - 0 runs, 1 hit, 0 errors, 1 left on base; Plymouth 1 - Athletic Club KC 0
TOP OF THE 4TH
Plymouth Rocks batting - Pitching for Athletic Club KC Reserves : LHP Dave Parkinson
Batting: RHB Raúl Ortíz 0-0: Ball
1-0: Called Strike
1-1: Ball
2-1: Ball
3-1: Base on Balls
Batting: RHB Cosmo Bjorkenheim 0-0: Called Strike
0-1: Called Strike
0-2: Ball
1-2: Grounds into double play, 5-4-3 (Groundball, 56)
Batting: LHB Octávio Ontiveros 0-0: Foul Ball, location: 2F
0-1: Ball
1-1: SINGLE (Groundball, 6D)
Batting: LHB Jeff Lawson 0-0: Ball
1-0: Fly out, F9 (Flyball, 9)
Top of the 4th over - 0 runs, 1 hit, 0 errors, 1 left on base; Plymouth 1 - Athletic Club KC 0
BOTTOM OF THE 4TH
Athletic Club KC Reserves batting - Pitching for Plymouth Rocks : RHP Cisco Andr
Batting: LHB Kwang-chih Feng 0-0: Called Strike
0-1: Fly out, F8 (Flyball, 8RM)
Batting: LHB Pablo Hernández 0-0: DOUBLE (Line Drive, 7LS)
Batting: LHB Luis Miguel González 0-0: Called Strike
Pablo Hernández is caught stealing 3rd base
0-1: Fly out, F8 (Line Drive, 8RM)
Bottom of the 4th over - 0 runs, 1 hit, 0 errors, 0 left on base; Plymouth 1 - Athletic Club KC 0
TOP OF THE 5TH
Plymouth Rocks batting - Pitching for Athletic Club KC Reserves : LHP Dave Parkinson
Batting: LHB Dae-ik Park 0-0: Ball
1-0: Called Strike
1-1: Foul Ball, location: 2F
1-2: Foul Ball, location: 2F
1-2: Foul Ball, location: 2F
1-2: Strikes out looking
Batting: RHB Chang-lit Min 0-0: Ball
1-0: Foul Ball, location: 2F
1-1: Ball
2-1: Foul Ball, location: 2F
2-2: Ball
3-2: Fly out, F9 (Flyball, 9)
Batting: RHB Tumas Wenzu 0-0: Ground out 6-3 (Groundball, 6M)
Top of the 5th over - 0 runs, 0 hits, 0 errors, 0 left on base; Plymouth 1 - Athletic Club KC 0
BOTTOM OF THE 5TH
Athletic Club KC Reserves batting - Pitching for Plymouth Rocks : RHP Cisco Andr
Batting: SHB Carlos Rodríguez 0-0: Foul Ball, location: 2F
0-1: Ball
1-1: Called Strike
1-2: Ball
2-2: Ball
3-2: Fly out, F6 (Popup, 6)
Batting: RHB Tasuku Goto 0-0: Ground out 6-3 (Groundball, 6)
Batting: LHB Manuel Domínguez 0-0: Ball
1-0: Ball
2-0: SINGLE (Flyball, 8LS)
Batting: RHB Troy Whitehurst 0-0: Called Strike
0-1: Ball
1-1: Foul Ball, location: 2F
1-2: Ground out 6-3 (Groundball, 6)
Bottom of the 5th over - 0 runs, 1 hit, 0 errors, 1 left on base; Plymouth 1 - Athletic Club KC 0
TOP OF THE 6TH
Plymouth Rocks batting - Pitching for Athletic Club KC Reserves : LHP Dave Parkinson
Batting: RHB Ernesto Trevino 0-0: Called Strike
0-1: SINGLE (Line Drive, 6M)
Batting: RHB Xi-ku See-to 0-0: Fielders Choice at 2nd, 5-4 (Groundball, 56)
Batting: RHB Raúl Ortíz 0-0: Called Strike
0-1: Ball
1-1: Ball
2-1: Foul Ball, location: 2F
2-2: Ball
3-2: Base on Balls
Xi-ku See-to to second
Batting: RHB Cosmo Bjorkenheim 0-0: Called Strike
0-1: Ball
1-1: Ball
2-1: Fly out, F7 (Flyball, 7LSF)
Batting: LHB Octávio Ontiveros 0-0: Ground out 1-3 (Groundball, 13S)
Top of the 6th over - 0 runs, 1 hit, 0 errors, 2 left on base; Plymouth 1 - Athletic Club KC 0
BOTTOM OF THE 6TH
Athletic Club KC Reserves batting - Pitching for Plymouth Rocks : RHP Cisco Andr
Batting: RHB Pedro Solís 0-0: Ground out 6-3 (Groundball, 6M)
Batting: RHB Armando Altagracia 0-0: Ball
1-0: Ball
2-0: Called Strike
2-1: Ground out 1-3 (Groundball, 15)
Batting: LHB Kwang-chih Feng 0-0: Ball
1-0: Swinging Strike
1-1: Ball
2-1: Ball
3-1: Base on Balls
Batting: LHB Pablo Hernández 0-0: Ball
1-0: Foul Ball, location: 2F
1-1: Called Strike
1-2: Foul Ball, location: 2F
1-2: SINGLE (Flyball, 5D)
Kwang-chih Feng to second
Batting: LHB Luis Miguel González 0-0: Swinging Strike
0-1: Ball
1-1: Swinging Strike
1-2: Ball
2-2: Ball
3-2: Foul Ball, location: 2F
3-2: Strikes out swinging
Bottom of the 6th over - 0 runs, 1 hit, 0 errors, 2 left on base; Plymouth 1 - Athletic Club KC 0
TOP OF THE 7TH
Plymouth Rocks batting - Pitching for Athletic Club KC Reserves : LHP Dave Parkinson
Batting: LHB Jeff Lawson 0-0: Ball
1-0: Ball
2-0: SINGLE (Line Drive, 6MD)
Batting: LHB Dae-ik Park 0-0: Called Strike
0-1: Bunt missed!
0-2: Ball
1-2: Foul Ball, location: 2F
1-2: Fly out, F8 (Flyball, 8LD)
Pitching: RHP Leroy Moody
Pinch Hitting: SHB Javier Vega 0-0: Called Strike
0-1: Ball
1-1: Fly out, F5 (Popup, 25F)
Batting: RHB Tumas Wenzu 0-0: Ball
1-0: Ball
Jeff Lawson steals 2nd base
2-0: Ball
3-0: Called Strike
3-1: Base on Balls
Batting: RHB Ernesto Trevino 0-0: Called Strike
0-1: Swinging Strike
0-2: Strikes out swinging
Top of the 7th over - 0 runs, 1 hit, 0 errors, 2 left on base; Plymouth 1 - Athletic Club KC 0
BOTTOM OF THE 7TH
Athletic Club KC Reserves batting - Pitching for Plymouth Rocks : RHP Cisco Andr
Now at 2B: Alfonso Grappasonni
Batting: SHB Carlos Rodríguez 0-0: Ball
1-0: Foul Ball, location: 2F
1-1: Ball
2-1: Foul Ball, location: 2F
2-2: Ball
3-2: Fly out, F6 (Line Drive, 56D)
Batting: RHB Tasuku Goto 0-0: Called Strike
0-1: Foul Ball, location: 2F
0-2: Ball
1-2: SINGLE (Groundball, 6MD)
Batting: LHB Manuel Domínguez 0-0: Called Strike
Tasuku Goto steals 2nd base
0-1: Ball
Tasuku Goto steals 3rd base
1-1: Ball
2-1: Ball
3-1: Foul Ball, location: 2F
3-2: Strikes out looking
Pinch Hitting: LHB Shojiro Ueda 0-0: Fly out, F4 (Line Drive, 4)
Bottom of the 7th over - 0 runs, 1 hit, 0 errors, 1 left on base; Plymouth 1 - Athletic Club KC 0
TOP OF THE 8TH
Plymouth Rocks batting - Pitching for Athletic Club KC Reserves : RHP Leroy Moody
Now in LF: Abeni Mbanefo
Batting: RHB Xi-ku See-to 0-0: Ball
1-0: Called Strike
1-1: Foul Ball, location: 2F
1-2: Ball
2-2: Strikes out swinging
Batting: RHB Raúl Ortíz 0-0: Called Strike
0-1: Foul Ball, location: 2F
0-2: Ball
1-2: Foul Ball, location: 2F
1-2: SINGLE (Groundball, 23) (infield hit)
Batting: RHB Cosmo Bjorkenheim 0-0: Ball
1-0: Ball
2-0: Called Strike
2-1: Ball
3-1: Swinging Strike
3-2: Strikes out looking
Batting: LHB Octávio Ontiveros 0-0: Called Strike
0-1: Ball
1-1: Ball
2-1: Called Strike
2-2: Fly out, F9 (Line Drive, 9)
Top of the 8th over - 0 runs, 1 hit, 0 errors, 1 left on base; Plymouth 1 - Athletic Club KC 0
BOTTOM OF THE 8TH
Athletic Club KC Reserves batting - Pitching for Plymouth Rocks : RHP Cisco Andr
Batting: RHB Pedro Solís 0-0: Ball
1-0: Ball
2-0: Called Strike
2-1: Ball
3-1: SINGLE (Flyball, 7LS)
Batting: RHB Armando Altagracia 0-0: Ball
1-0: DOUBLE (Groundball, 5L)
Pedro Solís to third
Batting: LHB Kwang-chih Feng 0-0: Ball
1-0: Ground out U3 (Groundball, 3)
Batting: LHB Pablo Hernández 0-0: Foul Ball, location: 2F
0-1: Foul Ball, location: 2F
0-2: Foul Ball, location: 2F
0-2: Ball
1-2: Fly out, F7 (Line Drive, 78M)
Runner from 3rd tags up, SCORES, throw made
Pitching: RHP Artie Best
Batting: LHB Luis Miguel González 0-0: Fly out, F6 (Line Drive, 4M)
Bottom of the 8th over - 1 run, 2 hits, 0 errors, 1 left on base; Plymouth 1 - Athletic Club KC 1
TOP OF THE 9TH
Plymouth Rocks batting - Pitching for Athletic Club KC Reserves : RHP Leroy Moody
Pitching: RHP Rafael Narváez
Batting: LHB Jeff Lawson 0-0: Fly out, F9 (Flyball, 9S)
Batting: LHB Dae-ik Park 0-0: Called Strike
0-1: Foul Ball, location: 2F
0-2: Ball
1-2: Ground out 4-3 (Groundball, 34)
Batting: RHB Alfonso Grappasonni 0-0: Ball
1-0: Ball
2-0: Ball
3-0: Called Strike
3-1: Called Strike
3-2: Base on Balls
Batting: RHB Tumas Wenzu 0-0: Called Strike
0-1: Ball
1-1: Swinging Strike
1-2: Ball
2-2: Ground out 6-3 (Groundball, 6)
Top of the 9th over - 0 runs, 0 hits, 0 errors, 1 left on base; Plymouth 1 - Athletic Club KC 1
BOTTOM OF THE 9TH
Athletic Club KC Reserves batting - Pitching for Plymouth Rocks : RHP Artie Best
Batting: SHB Carlos Rodríguez 0-0: Foul Ball, location: 2F
0-1: Ball
1-1: Swinging Strike
1-2: Strikes out looking
Batting: RHB Tasuku Goto 0-0: Called Strike
0-1: Called Strike
0-2: Foul Ball, location: 2F
0-2: Ground out 5-3 (Groundball, 56)
Batting: LHB Manuel Domínguez 0-0: Ball
1-0: Foul Ball, location: 2F
1-1: Called Strike
1-2: Ground out 6-3 (Groundball, 56)
Bottom of the 9th over - 0 runs, 0 hits, 0 errors, 0 left on base; Plymouth 1 - Athletic Club KC 1
TOP OF THE 10TH
Plymouth Rocks batting - Pitching for Athletic Club KC Reserves : RHP Rafael Narváez
Batting: RHB Ernesto Trevino 0-0: Fly out, F3 (Popup, 34S)
Batting: RHB Xi-ku See-to 0-0: Ball
1-0: Fly out, F8 (Flyball, 8LD)
Batting: RHB Raúl Ortíz 0-0: Ball
1-0: Called Strike
1-1: Ball
2-1: Ground out 4-3 (Groundball, 4)
Top of the 10th over - 0 runs, 0 hits, 0 errors, 0 left on base; Plymouth 1 - Athletic Club KC 1
BOTTOM OF THE 10TH
Athletic Club KC Reserves batting - Pitching for Plymouth Rocks : RHP Artie Best
Pitching: RHP Darren Garland
Batting: RHB Abeni Mbanefo 0-0: Fly out, F9 (Flyball, 9LMF)
Batting: RHB Pedro Solís 0-0: Ball
1-0: Called Strike
1-1: Ball
2-1: Fly out, F7 (Flyball, 7)
Batting: RHB Armando Altagracia 0-0: Swinging Strike
0-1: Called Strike
0-2: Ball
1-2: Ball
2-2: Strikes out swinging
Bottom of the 10th over - 0 runs, 0 hits, 0 errors, 0 left on base; Plymouth 1 - Athletic Club KC 1
TOP OF THE 11TH
Plymouth Rocks batting - Pitching for Athletic Club KC Reserves : RHP Rafael Narváez
Pitching: RHP Salvador Sagastizabal
Batting: RHB Cosmo Bjorkenheim 0-0: Ball
1-0: Ball
2-0: Ball
3-0: Base on Balls
Batting: LHB Octávio Ontiveros 0-0: Sac Bunt - play at first, batter OUT! 5-4
Cosmo Bjorkenheim to second
Batting: LHB Jeff Lawson 0-0: Called Strike
0-1: Foul Ball, location: 2F
0-2: Foul Ball, location: 2F
0-2: Strikes out looking
Batting: LHB Dae-ik Park 0-0: Ball
1-0: Ball
2-0: Ball
3-0: Base on Balls
Batting: RHB Alfonso Grappasonni 0-0: Foul Ball, location: 2F
0-1: Ball
1-1: Foul Ball, location: 2F
1-2: Ball
2-2: Ball
3-2: Base on Balls
Cosmo Bjorkenheim to third
Dae-ik Park to second
Batting: RHB Tumas Wenzu 0-0: Called Strike
0-1: Ball
1-1: Foul Ball, location: 2F
1-2: Foul Ball, location: 2F
1-2: Ball
2-2: Ball
3-2: Foul Ball, location: 2F
3-2: Foul Ball, location: 2F
3-2: Foul Ball, location: 2F
3-2: Foul Ball, location: 2F
3-2: Base on Balls
Cosmo Bjorkenheim scores
Dae-ik Park to third
Alfonso Grappasonni to second
Batting: RHB Ernesto Trevino 0-0: Ground out 6-3 (Groundball, 6D)
Top of the 11th over - 1 run, 0 hits, 0 errors, 3 left on base; Plymouth 2 - Athletic Club KC 1
BOTTOM OF THE 11TH
Athletic Club KC Reserves batting - Pitching for Plymouth Rocks : RHP Darren Garland
Batting: LHB Kwang-chih Feng 0-0: Ball
1-0: Ball
2-0: Foul Ball, location: 2F
2-1: SINGLE (Flyball, 7LS)
Batting: LHB Pablo Hernández 0-0: Called Strike
0-1: Ball
1-1: Foul Ball, location: 2F
1-2: Ball
2-2: Fly out, F8 (Flyball, 89D)
Batting: LHB Luis Miguel González 0-0: SINGLE (Flyball, 7S)
Kwang-chih Feng to second
Runner from 2nd tries for 3rd, SAFE, no throw
Batting: SHB Carlos Rodríguez 0-0: Foul Ball, location: 2F
0-1: Grounds into double play, 4-6-3 (Groundball, 4)
Bottom of the 11th over - 0 runs, 2 hits, 0 errors, 1 left on base; Plymouth 2 - Athletic Club KC 1
Friday, March 29th, 2019 - OOTP Baseball 18.8 Build 76